 Dungeon Crawl Stone Soup version 0.31.0-1-g2c135a008e (webtiles) character file.

Game seed: 617296700529442436

1047 qw the Shooter (level 8, -1/59 HPs)
             Began as a Djinni Hunter on Jan 24, 2024.
             Was a Follower of Okawaru.
             Slain by an orc
             ... wielding a +0 flail
              (3 damage)
             ... on level 6 of the Dungeon.
             The game lasted 00:00:19 (4438 turns).

qw the Shooter (Djinni Hunter)                      Turns: 4438, Time: 00:00:20

Health: -1/59      AC:  8    Str: 10    XL:     8   Next: 50%
Gold:   919        EV: 16    Int: 12    God:    Okawaru [*.....] SH:  5 Dex: 18

rFire   + + .        a - +4 shortbow (heavy)
rCold   x . .        (shield currently unavailable)
rNeg    . . .        j - +0 ring mail
rPois   inf          (no helmet)
rElec   .            g - +2 cloak
rCorr   .            (no gloves)
SInv    .            (boots unavailable)
Will    .....        l - amulet of reflection
Stlth   +            d - +5 ring of evasion
HPRegen 0.29/turn    (no ring)
MPRegen 0.00/turn

%: reflection, infuse magic (-2 HP)
@: flying
A: sickness immunity, fire resistance 2, cold vulnerability 1, float, innate
caster, HP casting, extra vitality 1, subdued magic 1
a: Renounce Religion, Heroism


You were on level 6 of the Dungeon.
You worshipped Okawaru.
Okawaru was aware of your devotion.
You visited 2 branches of the dungeon, and saw 7 of its levels.

You collected 919 gold pieces.


Innate Abilities, Weirdness & Mutations

You are immune to sickness and miasma.
You are immune to poison.
Your flesh is very heat resistant. (rF++)
You are vulnerable to cold. (rC-)
You float through the air rather than walking.
You learn spells naturally, not from books.
Your magical power is your life essence.
You have superior vitality. (+4 MHP)
Your spells are a little easier to cast, but a little less powerful.


   Skills:
 - Level 5.1 Fighting
 - Level 7.1 Ranged Weapons
 - Level 2.1 Armour
 + Level 3.0 Dodging
 - Level 0.7 Stealth
 + Level 0.0 Invocations


You knew the following spells:

 Your Spells              Type           Power      Damage    Failure   Level
a - Sandblast             Erth           0%         2d4       58%         1
b - Searing Ray           Conj           0%         2d4       73%         2
c - Passwall              Erth           0%         N/A       92%         3
Your spell library was empty.

Inventory:

Hand Weapons
 a - a +4 heavy shortbow (weapon)
Armour
 g - a +2 cloak (worn)
 j - a +0 ring mail (worn)
Jewellery
 d - a +5 ring of evasion (left hand)
 l - an amulet of reflection (around neck)
Scrolls
 b - a scroll of identify
 n - a scroll of enchant armour
Potions
 f - a potion of cancellation
 m - a potion of enlightenment {unknown}

Dungeon Overview and Level Annotations

Branches:
Dungeon (6/15)             Temple (1/1) D:5

Altars:
Ashenzari
Cheibriados
Dithmenos
Fedhas
Gozag
Hepliaklqana
Makhleb
Nemelex Xobeh
Okawaru
Qazlal
Ru
Trog
Uskayaw
Wu Jian
Xom
Yredelemnul
Zin
The Shining One

Annotations:
D:3 1 transporter


Message History

The kobold brigand is severely wounded.
The adder barely misses you. You block the adder's attack.
The kobold hits you but does no damage. x2; The kobold brigand misses you.
The orc hits you from afar with a +0 trident.
The orc closely misses you. The orc hits you but does no damage.
The adder barely misses you.
You shoot an arrow. The arrow hits the kobold brigand!!
You kill the kobold brigand!
Okawaru accepts your kill.
You can now gain great but temporary skills.
The kobold completely misses you. The kobold misses you.
The orc barely misses you. The orc closely misses you.
The orc hits you but does no damage. You block the adder's attack.
The kobold hits you with a +0 dagger. The orc closely misses you.
The kobold closely misses you. The orc hits you but does no damage.
The adder barely misses you.
Your Fighting skill increases to level 5!
You shoot an arrow. The arrow misses the adder.
The adder bites you but does no damage. You block the kobold's attack.
The kobold closely misses you. The orc hits you but does no damage.
The orc misses you. The orc hits you with a +0 club. The orc misses you.
The kobold barely misses you. The orc hits you but does no damage.
The kobold hits you with a +0 dagger. The adder completely misses you.
The orc hits you but does no damage.
You shoot an arrow. The arrow misses the adder.
The adder closely misses you. You block the kobold's attack.
The kobold barely misses you. The orc barely misses you. The orc misses you.
The orc barely misses you. The adder closely misses you.
You shoot an arrow. The arrow barely misses the adder.
The adder closely misses you. The kobold misses you.
The kobold hits you but does no damage. You block the orc's attack.
The orc closely misses you. x2; The adder bites you but does no damage.
The kobold hits you with a +0 dagger. The orc hits you but does no damage.
The kobold hits you but does no damage. The orc completely misses you.
The orc barely misses you.
You shoot an arrow. The arrow closely misses the adder.
The adder bites you but does no damage. The kobold hits you but does no damage.
You block the kobold's attack. The orc barely misses you. x2
The orc hits you with a +0 flail.
You die...

.................
.............)...
#......)####)..
##########.......# #...
.................# #...
...)............####...
.#.#..........####....).
......KoK.....#.........
....!o.@....#...........
..#...oS....###.........
........................
...........####......##.
?#.#......... ..........
...........##...........
..##........ ..<........
#.....[..............
#.......#............


You could see an adder, 3 orcs and 2 kobolds.

Vanquished Creatures
  Sigmund (D:6)
  A steam dragon (D:4)
  A black bear (D:5)
  An ice beast (D:6)
  2 kobold brigands (D:6)
  A scorpion (D:4)
  An electric eel (D:6)
  An orc priest (D:5)
  A hound (D:4)
  2 iguanas
  2 orc wizards (D:5)
  5 adders
  4 gnolls
  A ribbon worm (D:5)
  17 orcs
  7 ball pythons
  10 bats
  7 endoplasms
  2 giant cockroaches (D:1)
  8 goblins
  4 hobgoblins
  6 jackals
  2 quokkas
  3 frilled lizards
  11 kobolds
  3 rats
104 creatures vanquished.

Notes
Turn   | Place    | Note
-------+----------+-------------------------------------------
     0 | D:1      | qw the Djinni Hunter began the quest for the Orb.
     0 | D:1      | Reached XP level 1. HP: 18/18 MP: 0/0
     0 | D:1      | 0 ||| qw: Version: 0.3-a-136-gdd3b4e8
     0 | D:1      | 0 ||| qw: Game counter: 1216
     0 | D:1      | 0 ||| qw: Melee chars always use a shield: true
     0 | D:1      | 0 ||| qw: God list: Okawaru
     0 | D:1      | 0 ||| qw: Allow faded altars: false
     0 | D:1      | 0 ||| qw: Do Orc after clearing Dungeon:15 true
     0 | D:1      | 0 ||| qw: Do second Lair branch before Depths: true
     0 | D:1      | 0 ||| qw: Lair rune preference: random
     0 | D:1      | 0 ||| qw: Goals: Normal
     0 | D:1      | 0 ||| PLANNING D:1-11
   126 | D:1      | Reached XP level 2. HP: 23/23 MP: 0/0
   495 | D:1      | Reached XP level 3. HP: 28/28 MP: 0/0
   495 | D:1      | Learned a level 1 spell: Sandblast
   546 | D:1      | Reached skill level 4 in Ranged Weapons
   597 | D:1      | 597 ||| UPGRADING to +0 cloak.
   602 | D:1      | 602 ||| UPGRADING to +0 ring mail.
   612 | D:1      | 612 ||| DROPPING +0 leather armour.
   613 | D:1      | 613 ||| UPGRADING to amulet of reflection.
   618 | D:1      | 618 ||| READING scroll labelled YLUNUUKLODU.
   618 | D:1      | Identified a scroll of acquirement
   618 | D:1      | 618 ||| ACQUIRING 614 gold pieces
   618 | D:1      | Acquired 614 gold pieces
   620 | D:1      | 620 ||| READING scroll labelled QEUCLU PAMUXZU.
   721 | D:1      | 721 ||| READING scroll labelled HYUZYX XAXIRA.
   721 | D:1      | 721 ||| ENCHANTING +0 cloak.
   722 | D:1      | 722 ||| READING scroll labelled ATOALI HECIAF.
   723 | D:1      | 723 ||| READING scroll labelled XAPTAO EMUGHIKAS.
   723 | D:1      | 723 ||| ENCHANTING +0 shortbow.
   724 | D:1      | 724 ||| DRINKING 2 yellow potions.
   725 | D:1      | 725 ||| DROPPING scroll of butterflies.
   796 | D:2      | Reached skill level 1 in Armour
   830 | D:2      | 830 ||| READING scroll of enchant weapon.
   830 | D:2      | 830 ||| ENCHANTING +1 shortbow.
   865 | D:2      | Reached XP level 4. HP: 34/34 MP: 0/0
  1109 | D:2      | 1109 ||| READING 2 scrolls of enchant weapon.
  1109 | D:2      | 1109 ||| ENCHANTING +2 shortbow.
  1110 | D:2      | 1110 ||| READING scroll of enchant weapon.
  1110 | D:2      | 1110 ||| ENCHANTING +3 shortbow.
  1150 | D:2      | Found a faded altar of an unknown god.
  1156 | D:2      | Reached skill level 3 in Fighting
  1527 | D:2      | 1527 ||| UPGRADING to +5 ring of evasion.
  1528 | D:2      | 1528 ||| READING scroll labelled XOTHAD PUITY.
  1533 | D:2      | 1533 ||| READING scroll labelled KIKEL GETHOY.
  1534 | D:2      | 1534 ||| DRINKING 3 smoky dark potions.
  1565 | D:2      | 1565 ||| DROPPING 2 potions of lignification.
  1617 | D:3      | 1617 ||| RETREEEEATING.
  1619 | D:3      | 1619 ||| RETREEEEATING.
  1620 | D:3      | 1620 ||| RETREEEEATING.
  1628 | D:3      | Reached XP level 5. HP: 38/40 MP: 0/0
  1628 | D:3      | Learned a level 2 spell: Searing Ray
  1776 | D:3      | Found a transporter.
  2073 | D:3      | 2073 ||| READING scroll labelled LOIS PU TAABO.
  2074 | D:3      | 2074 ||| DRINKING 2 smoky sapphire potions.
  2074 | D:3      | Gained mutation: You have supernaturally acute eyesight.
                  | (SInv) [potion of mutation]
  2074 | D:3      | Gained mutation: You are frail. (-10% HP) [potion of
                  | mutation]
  2075 | D:3      | 2075 ||| DRINKING potion of mutation.
  2075 | D:3      | Lost mutation: You have supernaturally acute eyesight.
                  | (SInv) [potion of mutation]
  2075 | D:3      | Lost mutation: You are frail. (-10% HP) [potion of
                  | mutation]
  2075 | D:3      | Gained mutation: Your spells are a little easier to cast,
                  | but a little less powerful. [potion of mutation]
  2579 | D:4      | Noticed a steam dragon
  2590 | D:4      | Killed a steam dragon
  2591 | D:4      | Reached skill level 5 in Ranged Weapons
  2591 | D:4      | Reached XP level 6. HP: 37/46 MP: 0/0
  3130 | D:4      | 3130 ||| READING scroll labelled VEGHUPS HEUNU.
  3130 | D:4      | 3130 ||| IDENTIFYING murky inky potion
  3131 | D:4      | 3131 ||| DRINKING 2 fizzy orange potions.
  3132 | D:4      | 3132 ||| DRINKING 2 pink potions.
  3133 | D:4      | 3133 ||| DROPPING potion of degeneration.
  3134 | D:4      | 3134 ||| DROPPING potion of attraction.
  3151 | D:5      | Entered Level 5 of the Dungeon
  3153 | D:5      | 3153 ||| STAIRDANCE
  3257 | D:5      | 3257 ||| STAIRDANCE
  3269 | D:5      | 3269 ||| STAIRDANCE
  3275 | D:4      | Reached skill level 3 in Dodging
  3312 | D:5      | 3312 ||| STAIRDANCE
  3358 | D:5      | Reached XP level 7. HP: 39/51 MP: 0/0
  3358 | D:5      | Learned a level 3 spell: Passwall
  3358 | D:5      | 3358 ||| STAIRDANCE
  3534 | D:5      | 3534 ||| READING scroll of enchant armour.
  3534 | D:5      | 3534 ||| ENCHANTING +1 cloak.
  3547 | D:5      | 3547 ||| RETREEEEATING.
  3548 | D:5      | 3548 ||| RETREEEEATING.
  3549 | D:5      | 3549 ||| RETREEEEATING.
  3554 | D:5      | Reached skill level 6 in Ranged Weapons
  3876 | D:5      | Identified the +9 mace of Sloth {freeze, Will+ Str+4 Int+3}
  3951 | D:5      | Found a staircase to the Ecumenical Temple.
  3952 | D:5      | 3952 ||| PLANNING TEMPLE
  3952 | D:5      | 3952 ||| DROPPING +1 cloak.
  3953 | D:5      | 3953 ||| READING scroll of identify.
  3953 | D:5      | 3953 ||| IDENTIFYING lumpy silvery potion
  3954 | D:5      | 3954 ||| READING scroll labelled XOSOAGR GABA.
  3954 | D:5      | 3954 ||| BRANDING +4 shortbow.
  3955 | D:5      | 3955 ||| READING scroll labelled VUDUYT WYKEKU.
  3956 | D:5      | 3956 ||| DRINKING 2 fuming pink potions.
  3957 | D:5      | 3957 ||| DRINKING potion of curing.
  3957 | D:5      | 3957 ||| (to cure confusion)
  3958 | D:5      | 3958 ||| DROPPING potion of magic.
  3959 | D:5      | 3959 ||| DROPPING potion of ambrosia.
  3968 | Temple   | Entered the Ecumenical Temple
  3969 | Temple   | 3969 ||| PLANNING OKAWARU WORSHIP
  3980 | Temple   | Became a worshipper of Warmaster Okawaru
  3981 | Temple   | 3981 ||| PLANNING D:1-11
  4290 | D:6      | 4290 ||| FLEEEEING.
  4357 | D:6      | Noticed Sigmund
  4363 | D:6      | Killed Sigmund
  4364 | D:6      | Reached XP level 8. HP: 55/58 MP: 0/0
  4385 | D:6      | Reached skill level 7 in Ranged Weapons
  4432 | D:6      | HP: 14/58 [adder (1)]
  4434 | D:6      | Reached * piety under Okawaru
  4435 | D:6      | HP: 5/59 [orc/+0 club (4)]
  4437 | D:6      | HP: 2/59 [kobold/+0 dagger (3)]
  4438 | D:6      | Slain by an orc

Levels and vault maps discovered:
D:1:      noname_arrival_rooms_in_the_neighbourhood, layout_basic, st_stairs_1
D:2:      minmay_recursive_quarters, layout_loops_cross,
          shapermc_ecumenical_altar_starsandcircs, minmay_tromino_v4_c
D:3:      layout_rooms, gammafunk_ghost_mausoleum,
          chequers_serial_rivers_large_a, kennysheep_nondescript
D:4:      layout_basic
D:5:      layout_basic, temple_statues
D:6:      layout_basic, minmay_misc_feat_iff, minivault_14,
          serial_library_hellmonk_small_alcove, wad_floor_pattern_1,
          minmay_misc_feat_five, uniq_crazy_yiuf_cottage, uniq_sigmund,
          uniq_jeremiah
Temple:   nicolae_temple_the_god_donut

Skill      XL: |  1  2  3  4  5  6  7  8 |
---------------+-------------------------+-----
Ranged Weapons | 4 5 6 7 |  7.1
Armour         | 1 2 |  2.1
Fighting       | 3 4 5 |  5.1
Dodging        | 3 |  3.0
Stealth        | |  0.7

Action                     |  1- 3 |  4- 6 |  7- 9 || total
---------------------------+-------+-------+-------++-------
   Fire: Shortbow          |    78 |   121 |   106 ||   305
    Use: Scroll            |     6 |     6 |     4 ||    16
         Potion            |     1 |     5 |     2 ||     8
 Armour: Leather armour    |    22 |       |       ||    22
         Ring mail         |     3 |    50 |    83 ||   136
  Dodge: Dodged            |    38 |    65 |   109 ||   212
  Block: Other             |     2 |    23 |    22 ||    47
         Reflection        |       |     1 |     1 ||     2

Table legend:
 A = Non-vault XP
 B = Vault XP
 C = Vault XP percentage of total XP
 D = Non-vault monster count
 E = Vault monster count
 F = Vault count percentage of total count
                 A         B        C        D         E       F
            +---------+---------+-------+---------+---------+-------
      Total |    1234 |     263 |  17.6 |      92 |      12 |  11.5
            +---------+---------+-------+---------+---------+-------
        D:1 |      35 |       3 |   7.9 |      21 |       2 |   8.7
        D:2 |      19 |      37 |  66.1 |      12 |       9 |  42.9
        D:3 |      70 |       0 |   0.0 |      15 |       0 |   0.0
        D:4 |     391 |       0 |   0.0 |      17 |       0 |   0.0
        D:5 |     342 |       0 |   0.0 |      17 |       0 |   0.0
        D:6 |     377 |     223 |  37.2 |      10 |       1 |   9.1
            +---------+---------+-------+---------+---------+-------
